 Dungeon Crawl Stone Soup version 0.27-a0-909-g0721f30 (webtiles) character file.

Game seed: 2460410854281046481

1435 Nithhogg the Skirmisher (level 8, 0/64 HPs)
             Began as a Demonspawn Fighter on Apr 8, 2021.
             Was an Initiate of Makhleb.
             Succumbed to a water moccasin's poison
             ... on level 6 of the Dungeon.
             The game lasted 00:09:51 (8611 turns).

Nithhogg the Skirmisher (Demonspawn Fighter)        Turns: 8611, Time: 00:09:51

Health: 0/64       AC: 15    Str: 18    XL:     8   Next: 45%
Magic:  8/8        EV:  3    Int: 10    God:    Makhleb [......]
Gold:   322        SH: 11    Dex: 13    Spells: 7/7 levels left

rFire    . . .     SeeInvis .   a - +1 long sword
rCold    . . .     Faith    .   c - +1 kite shield
rNeg     . . .     Spirit   .   k - +3 plate armour
rPois    .         Reflect  .   (helmet restricted)
rElec    .         Harm     .   (no cloak)
rCorr    .         Rampage  .   (no gloves)
Will     +....                  (no boots)
Stlth    ..........             (no amulet)
HPRegen  0.20/turn              u - ring of flight
MPRegen  0.11/turn              e - ring of willpower

@: lethally poisoned (0 -> -16), flying, studying Maces & Flails
A: antennae 1, claws 1, talons 1, powered by pain 2
a: Renounce Religion


You were on level 6 of the Dungeon.
You worshipped Makhleb.
Makhleb was noncommittal.
You visited 1 branch of the dungeon, and saw 6 of its levels.

You collected 322 gold pieces.

Inventory:

Hand Weapons
 a - a +1 long sword (weapon)
Missiles
 m - 8 atropa-tipped darts
 t - 7 curare-tipped darts
Armour
 b - a +0 scale mail
 c - a +1 kite shield (worn)
 k - a +3 plate armour (worn)
Jewellery
 e - a ring of willpower (right claw)
 f - an amulet of magic regeneration
 l - a ring of wizardry
 u - a ring of flight (left claw)
Wands
 s - a wand of flame (10) (quivered)
Scrolls
 d - a scroll of silence {unknown}
 h - a scroll of enchant armour
 i - a scroll of teleportation
 n - 2 scrolls of identify
 r - a scroll of magic mapping
Potions
 j - 2 potions of cancellation {unknown}
 o - a potion of haste {unknown}
 p - a potion of lignification {unknown}
 q - 2 potions of magic
 v - a potion of degeneration {unknown}


   Skills:
 + Level 6.0 Fighting
 + Level 5.0 Long Blades
 + Level 5.4 Armour
 + Level 5.4 Shields


You had 7 spell levels left.
You didn't know any spells.
Your spell library contained the following spells:

 Spells                   Type           Power      Damage    Failure   Level
 Animate Skeleton         Necr           0%         N/A       100%        1
 Apportation              Tloc           0%         N/A       100%        1
 Corona                   Hex            0%         N/A       100%        1
 Shock                    Conj/Air       0%         1d3       100%        1
 Summon Small Mammal      Summ           0%         N/A       100%        1
 Swiftness                Air            0%         N/A       100%        2
 Static Discharge         Conj/Air       0%         N/A       100%        3
 Airstrike                Air            0%         N/A       100%        4
 Lightning Bolt           Conj/Air       0%         1d11      100%        5


Dungeon Overview and Level Annotations

Branches:
Dungeon (6/15)
 Temple: D:4-7

Altars:
Ashenzari
Kikubaaqudgha
Makhleb
Nemelex Xobeh
Wu Jian
Xom

Shops:
D:2 [

Annotations:
D:2 artifact armor
D:5 1 runed translucent door, 2tousent's ghost, amateur DsMo
D:6 Dowan; Duvessa


Innate Abilities, Weirdness & Mutations

You have a pair of small antennae on your head.
You have sharp fingernails.
You have sharp toenails.
You sometimes gain power by taking damage.


Message History

You miss the water moccasin. Your kick misses the water moccasin.
The water moccasin is lightly wounded.
You feel sick. You block the adder's attack.
You block the water moccasin's attack. Something hits you but does no damage.
The adder bites you but does no damage.
The water moccasin bites you but does no damage.
You closely miss the water moccasin. Your kick misses the water moccasin.
The water moccasin is lightly wounded.
You feel sick.
You are no longer poisoned.
The adder bites you.
You are poisoned.
The adder poisons you! The water moccasin bites you.
You are more poisoned.
The water moccasin poisons you! Something hits you but does no damage.
Duvessa hits you but does no damage. The adder bites you but does no damage.
You miss the water moccasin. You claw the water moccasin.
The water moccasin is lightly wounded.
You feel very sick. The water moccasin barely misses you. Something hits you.
Something shocks you. You block the adder's attack. You block Duvessa's attack.
The water moccasin bites you.
* * * LOW HITPOINT WARNING * * *
You are lethally poisoned!
The water moccasin poisons you! Something hits you.
* * * LOW HITPOINT WARNING * * *
Something shocks you.
* * * LOW HITPOINT WARNING * * *
You are too injured to fight recklessly!
You are too injured to fight recklessly!
It was a potion of magic.
Magic courses through your body.
* * * LOW HITPOINT WARNING * * *
You feel very sick. The adder bites you but does no damage.
The water moccasin completely misses you.
Dowan points at Duvessa and mumbles some strange words.
Duvessa seems to speed up.
Something hits you but does no damage. You block the adder's attack.
The water moccasin bites you but does no damage.
You die...

.... ..... ..... ....##
#####. .##.)..##....°°
.......e.$...##
......S{......# . ##S.e#
##.#@## ##.#.##.##
##.#.##.#.## ##.#.##.#[#.##
##.#.##.#.#.#.##
##.#.##.#.###.#†## #
##.#.##.#.##.##.#.##
.....##.#.##.#.##.#.##.#.##
.##.##.#.##.#(##.#.#.##.#.##


You could see Duvessa (fast), a water moccasin, Dowan and an adder.

Vanquished Creatures
  A hornet zombie (D:5)
  A necrophage (D:3)
  2 centaurs (D:5)
  A phantom (D:5)
  3 scorpions
  An electric eel (D:6)
  5 hounds
  2 orc priests (D:3)
  A bullfrog skeleton (D:6)
  4 centaur skeletons
  3 iguanas
  3 orc wizards
  7 gnolls
  7 adders
  2 shadow imps
  A white imp (D:6)
  2 ufetubi
  An adder skeleton (D:4)
  3 worms
  5 dart slugs
  14 orcs
  4 ball pythons
  8 endoplasms
  2 giant cockroaches
  10 goblins
  5 hobgoblins
  17 jackals
  3 quokkas
  7 bats
  4 kobolds
  5 rats
134 creatures vanquished.

Vanquished Creatures (others)
  A steam dragon (D:6)
  A bullfrog skeleton (D:6)
  A white imp (D:6)
  A plant (D:6)
4 creatures vanquished.

Grand Total: 138 creatures vanquished

Notes
Turn   | Place    | Note
-------+----------+-------------------------------------------
     0 | D:1      | Nithhogg the Demonspawn Fighter began the quest for the
                  | Orb.
     0 | D:1      | Reached XP level 1. HP: 18/18 MP: 1/1
   259 | D:1      | Gained mutation: You have a pair of small antennae on your
                  | head. [demonic ancestry]
   259 | D:1      | Reached XP level 2. HP: 15/24 MP: 2/2
  1256 | D:1      | Gained mutation: You sometimes gain a little power by
                  | taking damage. [demonic ancestry]
  1256 | D:1      | Reached XP level 3. HP: 26/29 MP: 3/3
  1685 | D:2      | Found Bijyna's Antique Armour Emporium.
  2287 | D:2      | Gained mutation: You have sharp fingernails. [demonic
                  | ancestry]
  2287 | D:2      | Reached XP level 4. HP: 34/35 MP: 4/4
  2473 | D:3      | Noticed a necrophage
  2484 | D:3      | Killed a necrophage
  2485 | D:3      | Gained mutation: You have sharp toenails. [demonic
                  | ancestry]
  2485 | D:3      | Reached XP level 5. HP: 10/42 MP: 5/5
  2888 | D:3      | Found a faded altar of an unknown god.
  3711 | D:4      | Reached skill level 4 in Fighting
  3886 | D:4      | Found a shimmering altar of Xom.
  3932 | D:4      | Found a sparkling altar of Nemelex Xobeh.
  3935 | D:4      | Found an ancient bone altar of Kikubaaqudgha.
  4517 | D:3      | Reached XP level 6. HP: 5/48 MP: 6/6
  5067 | D:4      | HP: 1/49 [iguana (10)]
  6140 | D:5      | Entered Level 5 of the Dungeon
  6496 | D:5      | Gained mutation: You sometimes gain power by taking damage.
                  | [demonic ancestry]
  6496 | D:5      | Reached XP level 7. HP: 44/55 MP: 7/7
  6566 | D:5      | Found a runed translucent door.
  6584 | D:5      | Noticed 2tousent's ghost (amateur DsMo)
  6593 | D:5      | Found a broken altar of Ashenzari.
  6621 | D:5      | Reached skill level 5 in Fighting
  6923 | D:5      | Found an ornate altar of the Wu Jian Council.
  7295 | D:5      | Reached skill level 5 in Armour
  7295 | D:5      | Reached skill level 5 in Shields
  7295 | D:5      | Reached XP level 8. HP: 19/63 MP: 8/8
  7761 | D:5      | Found a burning altar of Makhleb.
  7773 | D:5      | Became a worshipper of Makhleb the Destroyer
  8539 | D:6      | Reached skill level 6 in Fighting
  8539 | D:6      | Reached skill level 5 in Long Blades
  8602 | D:6      | Noticed Duvessa
  8603 | D:6      | Noticed Dowan
  8611 | D:6      | Succumbed to a water moccasin's poison

Illustrated notes

Levels and vault maps discovered:
D:1:      amcnicky_arrival_feature_with_door, layout_loops_corners
D:2:      layout_basic, serial_shops, shop, serial_curves, eino_curves_02,
          eino_curves_02, eino_curves_04
D:3:      layout_basic, shapermc_ecumenical_altar_flowoftime
D:4:      layout_rooms, chequers_temple_overflow_statue_of_worship, tgw_xom,
          hangedman_minor_gate_pass
D:5:      layout_loops_ring, overflow_temple_1_default,
          makhleb_blood_cavern_becter, evilmike_ruin_ashenzari,
          hellmonk_ghost_happy_afterlife, minmay_manual_mares
D:6:      minmay_inner_zag, layout_rooms, vehumet_statue,
          nicolae_overflow_crystal_walls, serial_bayou, serial_bayou_shore_b,
          serial_bayou_pond_a, serial_bayou_crossing, serial_bayou_shore_b,
          lemuel_flamethrower_2, uniq_edmund, uniq_duvessa

Skill      XL: |  1  2  3  4  5  6  7  8 |
---------------+-------------------------+-----
Long Blades    | 2 3 4 5 |  5.0
Armour         | 3 4 5 |  5.4
Shields        | 3 4 5 |  5.4
Fighting       | 4 5 6 |  6.0

Action                   |  1- 3 |  4- 6 |  7- 9 || total
-------------------------+-------+-------+-------++-------
Melee: Long sword        |   144 |   238 |   179 ||   561
       Kick              |       |    59 |    59 ||   118
Evoke: Wand              |       |       |     1 ||     1
  Use: Potion            |       |     5 |     4 ||     9
       Scroll            |       |       |     7 ||     7
Armor: Scale mail        |    75 |   128 |    23 ||   226
       Plate armour      |       |       |   130 ||   130
Dodge: Dodged            |    46 |    87 |    51 ||   184
Block: Kite shield       |    80 |   148 |   164 ||   392
       Rpst.: Long sword |    14 |    29 |    15 ||    58

Table legend: (Time is in decaauts)
 A = Elapsed time spent in this place.
 B = Non-inter-level travel time spent in this place.
 C = Inter-level travel time spent in this place.
 D = Time resting spent in this place.
 E = Time spent auto-exploring this place.
 F = Levels seen in this place.
 G = Mean time per level.
                   A        B        C        D        E       F      G
               +--------+--------+--------+--------+--------+-----+--------+
         Total |   8877 |   8684 |    193 |   2345 |   4977 |   6 | 1479.5 |
       Dungeon |   8877 |   8684 |    193 |   2345 |   4977 |   6 | 1479.5 |
               +--------+--------+--------+--------+--------+-----+--------+

Top non-repeatable levels by time:
     D:3: 2436 daAuts
     D:5: 1909 daAuts
     D:4: 1461 daAuts
     D:1: 1350 daAuts
     D:2: 1074 daAuts
     D:6: 645 daAuts
